 Dungeon Crawl Stone Soup version 0.23-a0-655-g3751e1c (webtiles) character file.

194028 galech the Severer (level 18, 0/146 HPs)
             Began as a Demonspawn Fighter on Jan 7, 2019.
             Was the Champion of Okawaru.
             Killed from afar by a Brimstone Fiend (21 damage)
             ... with damnation
             ... summoned by a deep elf demonologist
             ... on level 3 of the Elven Halls.
             The game lasted 00:56:03 (25783 turns).

galech the Severer (Demonspawn Fighter)            Turns: 25783, Time: 00:56:05

Health: 0/146      AC: 34    Str: 21    XL:     18   Next: 8%
Magic:  18/19      EV: 10    Int:  6    God:    Okawaru [******]
Gold:   2569       SH: 44    Dex: 22    Spells: 17/17 levels left

rFire    . . .     SeeInvis +   c - +6 broad axe of Arbitration {flame, *Contam +Inv rC+++ Int-3}
rCold    + + +     Gourm    .   k - +10 large shield of Ignorance {rN+ Int-4}
rNeg     + . .     Faith    .   Y - +0 crystal plate armour
rPois    .         Spirit   .   T - +3 helmet of the Nine Scars {Int+4 Dex+4 Slay+2}
rElec    .         Reflect  +   D - +1 cloak
rCorr    .         Harm     .   R - +2 pair of gloves {Str+3}
MR       +++..                  (no boots)
Stlth    ..........             M - +4 amulet of reflection
HPRegen  0.34/turn              X - ring of Sytret {MR+ SInv}
MPRegen  0.16/turn              l - ring of protection from magic

@: heroism
A: talons 2, large bone plates 2, blurry vision 1, cold resistance 1, dopey 1,
powered by death 3, screaming 1, freezing cloud immunity
a: Heroism, Finesse, Renounce Religion, Evoke Invisibility


You were on level 3 of the Elven Halls.
You worshipped Okawaru.
Okawaru was exalted by your worship.
You were very hungry.

You visited 5 branches of the dungeon, and saw 27 of its levels.
You visited the Abyss 1 time.
You also visited: Sewer, Bailey, Gauntlet and Ice Cave.

You collected 3367 gold pieces.
You spent 798 gold pieces at shops.

Inventory:

Hand Weapons
 c - the +6 broad axe of Arbitration (weapon) {flame, *Contam +Inv rC+++ Int-3}
   (Okawaru gifted it to you on level 2 of the Orcish Mines)

   It has been specially enchanted to burn those struck by it, causing extra
   injury to most foes and up to half again as much damage against particularly
   susceptible opponents.
   Big, fiery blades are also staple armaments of hydra-hunters.
   It affects your intelligence (-3).
   It renders you almost immune to cold.
   It lets you turn invisible.
   It causes magical contamination when unequipped.
 A - a +5 war axe of venom
Armour
 k - the +10 large shield of Ignorance (worn) {rN+ Int-4}
   (You found it on level 2 of the Orcish Mines)

   It affects your intelligence (-4).
   It protects you from negative energy.
 p - +0 swamp dragon scales
 D - a +1 cloak (worn)
 G - a +3 plate armour of fire resistance
 R - a +2 pair of gloves of strength (worn)
 T - the +3 helmet of the Nine Scars (worn) {Int+4 Dex+4 Slay+2}
   (Okawaru gifted it to you on level 1 of the Elven Halls)

   It affects your intelligence (+4).
   It affects your dexterity (+4).
   It affects your accuracy and damage with ranged weapons and melee attacks
   (+2).
 V - a +0 helmet of see invisible
 Y - a +0 crystal plate armour (worn)
 Z - a +1 plate armour of cold resistance
Jewellery
 l - a ring of protection from magic (right hand)
 s - an uncursed ring of protection from cold
 M - a +4 amulet of reflection (around neck)
 S - an uncursed ring of fire
 X - the ring of Sytret (left hand) {MR+ SInv}
   (You found it in a Gauntlet)

   [ring of see invisible]

   It affects your resistance to hostile enchantments.
   It lets you see invisible.
Wands
 F - a wand of iceblast (9)
 P - a wand of polymorph (8)
Scrolls
 a - 2 scrolls of summoning
 e - a scroll of magic mapping
 h - 16 scrolls of teleportation
 j - 11 scrolls of remove curse
 n - 9 scrolls of amnesia
 o - 3 scrolls of fear
 u - 2 scrolls of fog
 v - a scroll of identify
 y - a scroll of noise
 z - 2 scrolls of acquirement
 O - 2 scrolls of enchant armour
 Q - 5 scrolls of blinking
 W - 4 scrolls of enchant weapon
Potions
 b - a potion of berserk rage
 d - 3 potions of might
 g - a potion of degeneration {unknown}
 i - 2 potions of resistance
 m - 4 potions of heal wounds
 r - 8 potions of flight
 t - 2 potions of haste
 w - 4 potions of ambrosia
 x - 7 potions of curing
 C - 5 potions of magic
 E - 2 potions of brilliance
 I - 2 potions of invisibility
 K - 5 potions of agility
 L - a potion of cancellation
 N - a potion of mutation {unknown}
Comestibles
 f - 63 rations
 q - 2 chunks of flesh


   Skills:
 + Level 14.3(19.3) Fighting
 + Level 18.5(23.5) Axes
 + Level 10.3(15.3) Armour
 + Level 5.1(10.1) Dodging
 + Level 0.4(5.4) Stealth
 + Level 16.2(21.2) Shields
 + Level 1.8 Invocations


You had 17 spell levels left.
You didn't know any spells.
Your spell library contained the following spells:

 Spells                   Type           Power        Failure   Level  Hunger
 Animate Skeleton         Necr           N/A          100%        1    ##.....
 Confusing Touch          Hex            #.....       100%        1    ##.....
 Corona                   Hex            #......      100%        1    ##.....
 Flame Tongue             Conj/Fire      #....        100%        1    ##.....
 Pain                     Necr           #...         100%        1    ##.....
 Sandblast                Erth           #.....       100%        1    ##.....
 Shock                    Conj/Air       #...         100%        1    ##.....
 Sting                    Conj/Pois      #...         100%        1    ##.....
 Summon Small Mammal      Summ           #...         100%        1    ##.....
 Call Imp                 Summ           #.......     100%        2    ###....
 Passwall                 Tmut/Erth      #.......     100%        2    ###....
 Poisonous Vapours        Pois/Air       #.....       100%        2    ###....
 Slow                     Hex            #.......     100%        2    ###....
 Throw Flame              Conj/Fire      #.....       100%        2    ###....
 Throw Frost              Conj/Ice       #.....       100%        2    ###....
 Call Canine Familiar     Summ           #.......     100%        3    ####...
 Confuse                  Hex            #.......     100%        3    ####...
 Gell's Gravitas          Tloc           #.........   100%        3    ####...
 Ignite Poison            Fire/Tmut/Pois #.......     100%        3    ####...
 Inner Flame              Hex/Fire       #.......     100%        3    ####...
 Portal Projectile        Hex/Tloc       #.....       100%        3    ####...
 Recall                   Summ/Tloc      N/A          100%        3    ####...
 Regeneration             Chrm/Necr      #.........   100%        3    ####...
 Spectral Weapon          Hex/Chrm       #.......     100%        3    ####...
 Static Discharge         Conj/Air       #.......     100%        3    ####...
 Stone Arrow              Conj/Erth      #.....       100%        3    ####...
 Summon Guardian Golem    Hex/Summ       #.......     100%        3    ####...
 Tukima's Dance           Hex            #.......     100%        3    ####...
 Vampiric Draining        Necr           #.........   100%        3    ####...
 Animate Dead             Necr           N/A          100%        4    #####..
 Cause Fear               Hex            #.........   100%        4    #####..
 Leda's Liquefaction      Hex/Erth       #.........   100%        4    #####..
 Petrify                  Tmut/Erth      #.......     100%        4    #####..
 Summon Ice Beast         Ice/Summ       #.......     100%        4    #####..
 Summon Lightning Spire   Summ/Air       #.......     100%        4    #####..
 Bolt of Draining         Conj/Necr      #.........   100%        5    ######.
 Bolt of Magma            Conj/Fire/Erth #.........   100%        5    ######.
 Borgnjor's Vile Clutch   Necr/Erth      #.........   100%        5    ######.
 Fireball                 Conj/Fire      #.........   100%        5    ######.
 Iskenderun's Battlesphe  Conj/Chrm      #.......     100%        5    ######.
 Lee's Rapid Deconstruct  Erth           #.........   100%        5    ######.
 Metabolic Englaciation   Hex/Ice        #.........   100%        5    ######.
 Silence                  Hex/Air        #.........   100%        5    ######.
 Venom Bolt               Conj/Pois      #.........   100%        5    ######.
 Yara's Violent Unravell  Hex/Tmut       #.........   100%        5    ######.
 Bolt of Fire             Conj/Fire      #.........   100%        6    #######
 Deflect Missiles         Chrm/Air       #.........   100%        6    #######
 Freezing Cloud           Conj/Ice/Air   #.........   100%        6    #######
 Hydra Form               Tmut           #.........   100%        6    #######
 Invisibility             Hex            #.......     100%        6    #######
 Iron Shot                Conj/Erth      #.........   100%        6    #######
 Statue Form              Tmut/Erth      #........    100%        6    #######
 Dragon Form              Tmut           #.........   100%        7    #######
 Orb of Destruction       Conj           #.........   100%        7    #######
 Ring of Flames           Chrm/Fire      #.........   100%        7    #######
 Spellforged Servitor     Conj/Summ      #.........   100%        7    #######
 Discord                  Hex            #.........   100%        8    #######
 Ignition                 Fire           #.........   100%        8    #######
 Dragon's Call            Summ           #.........   100%        9    #######


Dungeon Overview and Level Annotations

Branches:
Dungeon (15/15)            Temple (1/1) D:5            Lair (6/6) D:10
  Swamp (0/4) Lair:3       Spider (0/4) Lair:2        Slime (0/5) Lair:6
    Orc (2/2) D:10            Elf (3/3) Orc:2        Vaults (0/5) D:13
 Depths (0/5) D:15

Altars:
Ashenzari
Cheibriados
Dithmenos
Elyvilon
Gozag
Hepliaklqana
Kikubaaqudgha
Nemelex Xobeh
Okawaru
Qazlal
Ru
Sif Muna
Trog
Vehumet
Wu Jian
Xom
Yredelemnul
Zin
The Shining One
Jiyva

Shops:
D:5 *   D:7 [   D:14 :   Orc:2 [?[*   Elf:1 (

Annotations:
Orc:2 1 runed door, exclusion: 4 orange crystal statues
Elf:2 1 runed door


Innate Abilities, Weirdness & Mutations

You have razor-sharp toenails.
You are mostly covered in large bone plates. (SH +6)
Your flesh is cold resistant. (rC+)
You regenerate a lot of health from kills.
You are immune to freezing clouds.
Scrolls take you a little longer to read.
You are dopey. (Int -2)
You occasionally shout uncontrollably at your foes.


Message History

The Brimstone Fiend hits you but does no damage.
The chaos spawn shouts!
You block the orange demon's attack. x2
The Brimstone Fiend calls on the powers of darkness!
The deep elf sorcerer convulses!
Your body is wracked with pain!
* * * LOW HITPOINT WARNING * * *
The Ice Fiend disappears in a puff of smoke!
You block the orange demon's attack. x2
Things that are here:
a +0 long sword of slicing; an elf corpse The deep elf sorcerer shouts, "You can't withstand my power!"
The orange demon stings you but does no damage.
You block the orange demon's attack.
Things that are here:
a +0 ring mail; a +0 long sword; 102 gold pieces You block the orange demon's attack.
Items here: ! $ ( )))))) [[[[ ††† The Brimstone Fiend gestures at you.
The sphere of damnation explodes!
The damnation engulfs you!
You die...

#.# #.# #.# #.# . #.#
#######§... #)#
###14..4.§... #)#
#([e###e.4...
####)########)#)2...(.e..
#...........@(#######...§
#...).######### ⌠..
#...(.# .# #...(.# #
#.....# #######


You could see a Brimstone Fiend, a deep elf sorcerer and an orange demon.

Vanquished Creatures
  A deep elf blademaster (Elf:3)
  A deep elf master archer (Elf:3)
  Gastronok (D:9)
  4 deep elf sorcerers
  A frost giant (IceCv)
  A dire elephant (D:15)
  2 deep elf annihilators
  A minotaur (Gauntlet)
  5 deep elf demonologists
  4 deep elf death magi
  Josephine (Orc:2)
  Erolcha (D:9)
  5 ogre magi
  A quicksilver dragon skeleton (Abyss:2)
  5 hydras
  Harold (D:8)
  A centaur warrior (D:15)
  23 two-headed ogres
  29 dancing weapons
  5 death yaks
  A tengu warrior (D:13)
  A queen ant (Gauntlet)
  3 thrashing horrors (Abyss:2)
  Sonja (Lair:4)
  2 wretched stars (Abyss:2)
  11 deep elf knights
  A shadow wraith (Abyss:2)
  4 skeletal warriors (D:13)
  4 unseen horrors
  7 deep elf archers
  A wizard (D:15)
  2 glowing orange brains
  6 large abominations (Abyss:2)
  4 orc knights
  4 cyclopes
  A shining eye (Abyss:2)
  An oklob plant (Lair:6)
  19 ugly things
  36 deep elf magi
  A moth of wrath (shapeshifter) (Elf:2)
  A salamander (D:15)
  4 manticores
  3 black mambas (Lair:6)
  13 elephants
  2 moths of wrath (Lair:6)
  A torpor snail (Lair:6)
  Psyche (D:8)
  A smoke demon (Abyss:2)
  An apocalypse crab (Abyss:2)
  2 gargoyles
  A guardian serpent (Abyss:2)
  An ice statue (IceCv)
  9 spiny frogs
  A demonic crawler (Lair:2)
  8 komodo dragons
  4 rime drakes
  An efreet (D:15)
  3 tengu conjurers
  A tormentor (Abyss:2)
  2 ice devils (D:14)
  A silent spectre (Abyss:2)
  9 trolls
  3 meliai (D:14)
  9 tyrant leeches (Lair:6)
  7 hornets
  15 slime creatures
  12 blink frogs
  17 polar bears
  A troll (shapeshifter) (D:13)
  2 bog bodies (Lair:3)
  4 raiju
  A dream sheep (Lair:6)
  8 hippogriffs
  2 meliai zombies
  6 flying skulls (Abyss:2)
  6 wraiths
  3 air elementals
  3 water elementals
  12 spriggans (Lair:6)
  4 wyverns
  3 shadows
  A vampire (D:14)
  A ynoxinul (Abyss:2)
  6 basilisks
  74 yaks
  3 fire elementals
  A chaos spawn (Abyss:2)
  A neqoxec (Abyss:2)
  A steam dragon (Gauntlet)
  7 hungry ghosts
  9 swamp worms
  4 wargs
  7 soldier ants
  An acid dragon (D:15)
  9 water moccasins
  4 black bears
  8 porcupines
  36 orc warriors
  2 phantoms
  4 ice beasts
  4 sky beasts
  An eye of draining (shapeshifter) (D:12)
  2 necrophages
  33 ogres
  70 wolves
  11 centaurs
  4 boggarts (Lair:6)
  An eye of draining (D:7)
  10 starcursed masses (Abyss:2)
  14 crocodiles
  6 big kobolds
  7 small abominations (Abyss:2)
  23 bullfrogs
  2 earth elementals (Elf:1)
  A wyvern zombie (D:8)
  A wyvern skeleton (D:11)
  9 scorpions
  9 wights
  6 killer bees (D:11)
  4 howler monkeys
  2 electric eels
  10 crimson imps
  2 bullfrog zombies
  5 jellies
  5 quasits
  Crazy Yiuf (D:6)
  43 orc wizards
  7 centaur skeletons
  A centaur zombie (D:6)
  20 orc priests
  12 hounds
  3 bullfrog skeletons
  An iguana (D:11)
  11 worker ants
  4 hound skeletons
  A howler monkey zombie (D:8)
  A worker ant zombie (D:7)
  4 gnolls (D:4)
  12 adders
  2 river rats
  3 shadow imps
  An ufetubus (Abyss:2)
  2 oozes (D:3)
  An adder zombie (D:5)
  An adder skeleton (D:9)
  5 worms
  6 dart slugs
  6 leopard geckos
  110 orcs
  A ball python (D:1)
  9 bats
  7 giant cockroaches
  7 goblins
  8 hobgoblins
  14 jackals
  7 quokkas
  6 frilled lizards
  A jackal zombie (D:6)
  46 kobolds
  2 leopard gecko skeletons
  12 rats
  4 fungi
  4 plants
1198 creatures vanquished.

Vanquished Creatures (others)
  A centaur warrior (D:13)
  A cyclops (D:13)
  A deep elf mage (Elf:3)
  A polar bear (IceCv)
  2 centaurs
  A jelly (D:10)
  A lurking horror (Abyss:2)
  5 plants
13 creatures vanquished.

Grand Total: 1211 creatures vanquished

Notes
Turn   | Place    | Note
-------+----------+-------------------------------------------
     0 | D:1      | galech the Demonspawn Fighter began the quest for the Orb.
     0 | D:1      | Reached XP level 1. HP: 18/18 MP: 1/1
   109 | D:1      | Gained mutation: You are partially covered in large bone
                  | plates. (SH +4) [demonic ancestry]
   109 | D:1      | Reached XP level 2. HP: 23/24 MP: 2/2
   174 | D:1      | Reached skill level 2 in Axes
   584 | D:1      | Reached XP level 3. HP: 26/29 MP: 3/3
   664 | D:1      | You fall through a shaft!
   694 | D:2      | Found a faded altar of an unknown god.
  1282 | D:2      | Found a sacrificial altar of Ru.
  1465 | D:3      | Reached XP level 4. HP: 31/36 MP: 4/4
  1478 | D:3      | Found an opulent altar of Gozag.
  1599 | D:3      | Reached skill level 3 in Axes
  1608 | D:3      | HP: 1/36 [orc/+0 hand axe (5)]
  1609 | D:3      | Gained mutation: You regenerate a little health from kills.
                  | [demonic ancestry]
  1609 | D:3      | Reached XP level 5. HP: 1/41 MP: 5/5
  2753 | D:4      | Reached XP level 6. HP: 41/48 MP: 6/6
  2894 | D:4      | Reached skill level 4 in Axes
  3094 | D:4      | Reached skill level 5 in Shields
  3094 | D:4      | Gained mutation: You regenerate health from kills. [demonic
                  | ancestry]
  3094 | D:4      | Reached XP level 7. HP: 36/54 MP: 7/7
  3331 | D:4      | Identified the Disquisition on the Fetching Entourage
  3488 | D:5      | Entered Level 5 of the Dungeon
  3508 | D:5      | Found a hazy altar of Hepliaklqana.
  3617 | D:5      | Found a glowing drain.
  3624 | Sewer    | Entered a sewer
  3712 | Sewer    | Found a glowing silver altar of Zin.
  3812 | D:5      | Reached skill level 5 in Axes
  4049 | D:5      | Noticed a hungry ghost
  4065 | D:5      | Killed a hungry ghost
  4174 | D:5      | Gained mutation: You have sharp toenails. [demonic
                  | ancestry]
  4174 | D:5      | Reached XP level 8. HP: 60/61 MP: 8/8
  4186 | D:5      | Found a staircase to the Ecumenical Temple.
  4192 | Temple   | Entered the Ecumenical Temple
  4381 | Temple   | Became a worshipper of Warmaster Okawaru
  4707 | D:5      | Reached skill level 6 in Axes
  4756 | D:5      | Found Kyth's General Store.
  4982 | D:6      | Found a basalt altar of Yredelemnul.
  5012 | D:6      | Reached * piety under Okawaru
  5072 | D:6      | Reached skill level 7 in Axes
  5165 | D:6      | Reached skill level 5 in Fighting
  5165 | D:6      | Reached skill level 1 in Dodging
  5186 | D:6      | Reached XP level 9. HP: 65/68 MP: 9/9
  5227 | D:6      | Reached ** piety under Okawaru
  5292 | D:6      | Found a deep blue altar of Sif Muna.
  5292 | D:6      | Found a shattered altar of Ashenzari.
  5808 | D:6      | Found a runed door.
  5812 | D:6      | Noticed Crazy Yiuf
  5816 | D:6      | Killed Crazy Yiuf
  6022 | D:7      | Found Rots's Antique Armour Emporium.
  6073 | D:7      | Reached skill level 8 in Axes
  6192 | D:7      | Reached skill level 5 in Armour
  6207 | D:7      | Reached *** piety under Okawaru
  6219 | D:7      | Found a sparkling altar of Nemelex Xobeh.
  6583 | D:7      | Gained mutation: You are mostly covered in large bone
                  | plates. (SH +6) [demonic ancestry]
  6583 | D:7      | Reached XP level 10. HP: 76/76 MP: 10/10
  6771 | D:8      | Noticed Harold
  6793 | D:8      | Killed Harold
  6793 | D:8      | Reached **** piety under Okawaru
  6793 | D:8      | Reached skill level 9 in Axes
  6802 | D:8      | Found a flagged portal.
  6854 | Bailey   | Entered a bailey
  7009 | Bailey   | Noticed an orc knight
  7021 | Bailey   | Killed an orc knight
  7038 | Bailey   | Identified the Guide on Damaging Earth
  7721 | D:8      | Reached skill level 10 in Axes
  7721 | D:8      | Reached XP level 11. HP: 86/86 MP: 11/11
  7777 | D:8      | Killed an unseen horror
  7777 | D:8      | Reached ***** piety under Okawaru
  7839 | D:8      | Noticed Psyche
  7853 | D:8      | Paralysed by something for 6 turns
  7859 | D:8      | Killed Psyche
  8371 | D:9      | Noticed a two-headed ogre
  8377 | D:9      | Killed a two-headed ogre
  8437 | D:9      | Reached skill level 11 in Axes
  8486 | D:9      | Noticed Erolcha
  8489 | D:9      | Noticed Gastronok
  8708 | D:9      | Killed Gastronok
  8708 | D:9      | Received a gift from Okawaru
  8708 | D:9      | Reached skill level 10 in Shields
  8708 | D:9      | Reached XP level 12. HP: 52/94 MP: 12/12
  8836 | D:9      | Killed Erolcha
  8870 | D:9      | Found a sparkling altar of Nemelex Xobeh.
  9191 | D:9      | Found a snail-covered altar of Cheibriados.
  9198 | D:9      | Found a shimmering altar of Xom.
  9198 | D:9      | Found an ornate altar of the Wu Jian Council.
  9198 | D:9      | Found a glowing golden altar of the Shining One.
  9201 | D:9      | Found an ancient bone altar of Kikubaaqudgha.
  9202 | D:9      | Found a bloodstained altar of Trog.
  9203 | D:9      | Found a stormy altar of Qazlal.
  9364 | D:10     | Entered Level 10 of the Dungeon
  9405 | D:10     | Found a staircase to the Lair.
 10147 | D:10     | Noticed a two-headed ogre
 10159 | D:10     | Killed a two-headed ogre
 10211 | D:10     | Found a staircase to the Orcish Mines.
 10665 | Orc:1    | Entered Level 1 of the Orcish Mines
 10677 | Orc:1    | Reached skill level 12 in Axes
 10788 | Orc:2    | Entered Level 2 of the Orcish Mines
 10788 | Orc:2    | Found a staircase to the Elven Halls.
 10852 | Orc:2    | Noticed a two-headed ogre
 10852 | Orc:2    | Noticed a two-headed ogre
 10866 | Orc:2    | Noticed a two-headed ogre
 10867 | Orc:2    | Killed a two-headed ogre
 10867 | Orc:2    | Noticed a two-headed ogre
 10868 | Orc:2    | Killed a two-headed ogre
 10868 | Orc:2    | Noticed a two-headed ogre
 10883 | Orc:2    | Killed a two-headed ogre
 10883 | Orc:2    | Reached ****** piety under Okawaru
 10884 | Orc:2    | Noticed a two-headed ogre
 10885 | Orc:2    | Noticed an ogre mage
 10886 | Orc:2    | Killed a two-headed ogre
 10887 | Orc:2    | Noticed a two-headed ogre
 10887 | Orc:2    | Noticed a two-headed ogre
 10889 | Orc:2    | Noticed a two-headed ogre
 10892 | Orc:2    | Killed a two-headed ogre
 10892 | Orc:2    | Noticed a two-headed ogre
 10893 | Orc:2    | Noticed a two-headed ogre
 10894 | Orc:2    | Noticed an ogre mage
 10896 | Orc:2    | Killed an ogre mage
 10896 | Orc:2    | Reached XP level 13. HP: 86/102 MP: 11/13
 10901 | Orc:2    | Received a gift from Okawaru
 10908 | Orc:2    | Reached skill level 1 in Invocations
 10909 | Orc:2    | Reached skill level 13 in Axes
 10918 | Orc:2    | Reached skill level 10 in Fighting
 10945 | Orc:2    | Received a gift from Okawaru
 10964 | Orc:2    | Got a brightly glowing broad axe {god gift}
 10965 | Orc:2    | Identified the +6 broad axe of Arbitration {flame, *Contam
                  | +Inv rC+++ Int-3} (Okawaru gifted it to you on level 2 of
                  | the Orcish Mines)
 11067 | Orc:2    | Found Epsaunefi's Magic Scroll Boutique.
 11068 | Orc:2    | Found Najinn's Assorted Antiques.
 11068 | Orc:2    | Found Ofyoniwn's Armour Boutique.
 11068 | Orc:2    | Found Piukho Ahij's Antique Armour Shoppe.
 11087 | Orc:2    | Bought a scroll of identify for 24 gold pieces
 11087 | Orc:2    | Bought a scroll of acquirement for 624 gold pieces
 11087 | Orc:2    | Bought a scroll of identify for 24 gold pieces
 11087 | Orc:2    | Bought a scroll of blinking for 90 gold pieces
 11087 | Orc:2    | Bought a scroll of teleportation for 36 gold pieces
 11102 | Orc:2    | Found a runed door.
 11261 | Orc:2    | Found the +10 large shield of Ignorance {rN+ Int-4}
 11262 | Orc:2    | Noticed Josephine
 11272 | Orc:2    | Killed Josephine
 11297 | Orc:2    | Found a runed door.
 11711 | Orc:1    | Reached skill level 14 in Axes
 11903 | Orc:2    | Noticed an orc warlord
 12363 | Lair:1   | Entered Level 1 of the Lair of Beasts
 12372 | Lair:1   | Received a gift from Okawaru
 13281 | Lair:2   | Gained mutation: You regenerate a lot of health from kills.
                  | [demonic ancestry]
 13281 | Lair:2   | Reached XP level 14. HP: 111/111 MP: 15/15
 13327 | Lair:2   | Found a hole to the Spider Nest.
 14155 | Lair:3   | Received a gift from Okawaru
 14319 | Lair:3   | Found a sacrificial altar of Ru.
 14505 | Lair:3   | Found a staircase to the Swamp.
 14906 | Lair:4   | Noticed Sonja
 14913 | Lair:4   | Killed Sonja
 15486 | Lair:5   | Received a gift from Okawaru
 15500 | Lair:5   | Reached skill level 15 in Axes
 15601 | Lair:5   | Found a shadowy altar of Dithmenos.
 16408 | Lair:6   | Entered Level 6 of the Lair of Beasts
 16793 | Lair:6   | Received a gift from Okawaru
 16882 | Lair:6   | Reached skill level 5 in Dodging
 16894 | Lair:6   | Gained mutation: You have razor-sharp toenails. [demonic
                  | ancestry]
 16894 | Lair:6   | Reached XP level 15. HP: 119/119 MP: 16/16
 17054 | Lair:6   | Received a gift from Okawaru
 17295 | Lair:6   | Found a viscous altar of Jiyva.
 17299 | Lair:6   | Found a staircase to the Slime Pits.
 17576 | Lair:6   | Identified the +6 quarterstaff of Winter {crush, Int+4}
 17738 | D:11     | Found a runed door.
 17754 | D:11     | Found a gate leading to a gauntlet.
 17761 | Gauntlet | Entered a Gauntlet
 17761 | Gauntlet | Found a transporter.
 17761 | Gauntlet | Found a transporter.
 17761 | Gauntlet | Found a transporter.
 17788 | Gauntlet | Found a transporter.
 17788 | Gauntlet | Found a transporter.
 17819 | Gauntlet | Found a transporter.
 17823 | Gauntlet | Found a transporter.
 17836 | Gauntlet | Found a transporter.
 17857 | Gauntlet | Got a warped golden ring
 17861 | Gauntlet | Identified the ring of Sytret {MR+ SInv} (You found it in a
                  | Gauntlet)
 17903 | Gauntlet | Identified Hes Mel's Incunabulum of Mutagenic Ignition
 18121 | D:11     | Reached skill level 16 in Axes
 18380 | D:11     | Received a gift from Okawaru
 18423 | D:11     | Found a glowing silver altar of Zin.
 18665 | D:11     | Identified the Reference Book on the Gliding Blaze
 19836 | D:13     | Identified the +1 robe of Circular Logic {rElec rF+ Str+6}
 19920 | D:13     | Found a gate to the Vaults.
 19930 | D:13     | Received a gift from Okawaru
 20001 | D:13     | Gained mutation: You occasionally shout uncontrollably at
                  | your foes. [mutagenic glow]
 20568 | D:14     | Found Itisop's Book Shoppe.
 20658 | D:14     | Found a frozen archway.
 20681 | IceCv    | Entered an ice cave
 20845 | IceCv    | Gained mutation: Your flesh is cold resistant. (rC+)
                  | [demonic ancestry]
 20845 | IceCv    | Reached XP level 16. HP: 123/129 MP: 17/17
 21281 | D:14     | Received a gift from Okawaru
 21617 | D:14     | Reached skill level 17 in Axes
 21749 | D:14     | Found a white marble altar of Elyvilon.
 21889 | D:15     | Entered Level 15 of the Dungeon
 22032 | D:15     | Found a staircase to the Depths.
 22898 | Elf:1    | Entered Level 1 of the Elven Halls
 23040 | Elf:1    | Received a gift from Okawaru
 23046 | Elf:1    | Got a steaming helmet {god gift}
 23057 | Elf:1    | Identified the +3 helmet of the Nine Scars {Int+4 Dex+4
                  | Slay+2} (Okawaru gifted it to you on level 1 of the Elven
                  | Halls)
 23060 | Elf:1    | Identified the Compendium of Combat Magic
 23138 | Elf:1    | Found Menwi's Weapon Shoppe.
 23592 | Elf:2    | Reached XP level 17. HP: 137/137 MP: 18/18
 23710 | Elf:2    | Noticed a Brimstone Fiend
 23998 | Elf:2    | Reached skill level 15 in Shields
 24011 | Elf:2    | Found a runed door.
 24039 | Elf:2    | Found a runed door.
 24146 | Elf:2    | Reached skill level 18 in Axes
 24342 | Elf:2    | Received a gift from Okawaru
 24408 | Elf:2    | Reached skill level 10 in Armour
 24685 | Elf:3    | Entered Level 3 of the Elven Halls
 24979 | Elf:3    | Identified the +6 great mace "Globulus" {flame, Dex+6 SInv
                  | Stlth-}
 25017 | Elf:3    | Cast into level 2 of the Abyss (deep elf death mage)
 25508 | Abyss:2  | Gained mutation: Scrolls take you a little longer to read.
                  | [a neqoxec]
 25533 | Abyss:2  | Gained mutation: You are dopey. (Int -2) [a shining eye]
 25610 | Abyss:2  | Received a gift from Okawaru
 25669 | Elf:3    | Escaped the Abyss
 25673 | Elf:3    | Noticed a deep elf blademaster
 25674 | Elf:3    | Noticed a deep elf master archer
 25691 | Elf:3    | Killed a deep elf blademaster
 25707 | Elf:3    | Killed a ghostly deep elf blademaster
 25716 | Elf:3    | Killed a deep elf master archer
 25716 | Elf:3    | Gained mutation: You are immune to freezing clouds.
                  | [demonic ancestry]
 25716 | Elf:3    | Reached XP level 18. HP: 126/146 MP: 17/19
 25754 | Elf:3    | Noticed a Brimstone Fiend
 25756 | Elf:3    | Noticed an Ice Fiend
 25783 | Elf:3    | Killed from afar by a Brimstone Fiend

Vault maps used:
D:1:      minmay_arrival_widening_spiral_wide
D:2:      chequers_ecumenical_altar_twisty, nicolae_ru_awakened_eye
D:3:      minmay_chambers_of_threes, first_ration, minivault_27,
          grunt_gozag_breadcrumbs
D:4:      cheibrodos_gnoll_hut
D:5:      kennysheep_kobold_camp, lemuel_doored_altar,
          minmay_temple_entry_wispy, lightli_sewer_entry_pipes, serial_shops,
          kennysheep_little_box, minmay_crystal_water,
          chequers_serial_rivers_room_a
D:6:      yredelemnul_altar_generic, amethyst_overflow_temple_binary,
          uniq_crazy_yiuf_cottage
D:7:      minmay_opposing_rooms, old_standard_altar, serial_shops, shop
D:8:      enter_bailey_2, uniq_psyche, uniq_harold
D:9:      minitemple, serial_rivers, chequers_serial_rivers_small_a,
          chequers_serial_rivers_micro_c, chequers_serial_rivers_room_b,
          chequers_serial_rivers_micro_b, chequers_serial_rivers_room_a,
          chequers_serial_rivers_micro_c, lemuel_altar_in_water, uniq_erolcha,
          uniq_gastronok
D:10:     erik_lair_island, david_orc_4
D:11:     minmay_the_grid_triangle_9x9_line_8_mashed, basic_altar,
          gauntlet_entry_generic
D:13:     erik_vaults_1, grunt_ogre_cave, billiards_dpeg
D:14:     portal_ice_cave_demonic_guard, serial_shops, shop, elyvilon_altar_4
D:15:     hangedman_depths_entry_try_elsewhere_first, corexii_leaking_fountain,
          eino_small_chamber_without_monster
Temple:   jpeg_temple_alley_garden
Lair:2:   nicolae_spider_entry_non_spiders
Lair:3:   nicolae_swamp_entry_splash_gauntlet, basic_altar, lemuel_fruit_tree
Lair:4:   uniq_sonja
Lair:5:   basic_altar, grunt_forest_large_clearings, infiniplex_staircase_pool
Lair:6:   minmay_lair_end_enchanted_forest, slime_altar_1, worms_lemuel
Orc:2:    st_orc_ogre_mass, chequers_guarded_unrand_ignorance, uniq_josephine
Elf:1:    eino_elf_arrival_the_gate, serial_shops, nicolae_shop_trees,
          minmay_elf_annihilation
Elf:3:    grunt_elf_hall_branching
Sewer:    sewer_kobolds
Bailey:   bailey_polearm_2, bailey
IceCv:    ice_cave_caverns_02
Gauntlet: minmay_gauntlet_mixed_big_or_small

Skill      XL: |  1  2  3  4  5  6  7  8  9 10 11 12 13 14 15 16 17 |
---------------+----------------------------------------------------+-----
Axes           | 2 3 4 5 7 8 10 11 12 14 15 16 17 18 | 18.5
Shields        | 3 4 5 6 7 9 10 11 12 13 14 16 | 16.2
Armour         | 3 4 5 6 7 8 9 10 | 10.3
Fighting       | 4 5 6 8 9 10 11 12 13 14 | 14.3
Dodging        | 1 3 4 5 |  5.1
Invocations    | 1 |  1.8
Stealth        | |  0.4

Action                   |  1- 3 |  4- 6 |  7- 9 | 10-12 | 13-15 | 16-18 || total
-------------------------+-------+-------+-------+-------+-------+-------++-------
Melee: War axe           |   143 |   269 |   502 |   477 |    59 |       ||  1450
       Kick              |       |       |    80 |       |   344 |   411 ||   835
       Broad axe         |       |       |       |       |  1238 |  1045 ||  2283
Invok: Heroism           |       |       |       |     7 |     5 |     5 ||    17
  Use: Scroll            |       |       |     7 |    10 |    18 |    11 ||    46
       Potion            |       |       |       |     1 |       |     4 ||     5
 Stab: Distracted        |       |       |       |       |       |     1 ||     1
  Eat: Chunk             |     2 |     6 |    21 |    16 |    34 |    16 ||    95
Armor: Scale mail        |    47 |       |       |       |       |       ||    47
       Plate armour      |    23 |   183 |   219 |   192 |       |       ||   617
       Chain mail        |       |       |       |    59 |   298 |       ||   357
       Crystal plate arm |       |       |       |       |   105 |   170 ||   275
Dodge: Dodged            |    29 |    42 |    60 |   111 |   180 |    38 ||   460
Block: Shield            |   149 |   251 |   367 |   241 |       |       ||  1008
       Buckler           |       |       |       |   181 |   166 |       ||   347
       Large shield      |       |       |       |       |  1592 |  1144 ||  2736
       Reflection        |       |       |       |       |    51 |    61 ||   112

Table legend:
 A = Non-vault XP
 B = Vault XP
 C = Vault XP percentage of total XP
 D = Non-vault monster count
 E = Vault monster count
 F = Vault count percentage of total count
                 A         B        C        D         E       F
            +---------+---------+-------+---------+---------+-------
      Total |  157259 |  131667 |  45.6 |     782 |     414 |  34.6
            +---------+---------+-------+---------+---------+-------
        D:1 |      50 |       0 |   0.0 |      26 |       0 |   0.0
        D:2 |      18 |       0 |   0.0 |       8 |       0 |   0.0
        D:3 |     149 |      39 |  20.7 |      26 |      12 |  31.6
        D:4 |     537 |     102 |  16.0 |      25 |       3 |  10.7
        D:5 |     710 |     162 |  18.6 |      16 |      28 |  63.6
        D:6 |    1399 |      42 |   2.9 |      34 |       1 |   2.9
        D:7 |    1355 |     986 |  42.1 |      24 |       9 |  27.3
        D:8 |    1522 |    1398 |  47.9 |      25 |       2 |   7.4
        D:9 |    2978 |    3292 |  52.5 |      33 |       2 |   5.7
       D:10 |    3574 |    1610 |  31.1 |      17 |      27 |  61.4
       D:11 |    3493 |    6110 |  63.6 |      30 |      23 |  43.4
       D:12 |    5096 |       0 |   0.0 |      30 |       0 |   0.0
       D:13 |    9914 |    4252 |  30.0 |      47 |       6 |  11.3
       D:14 |   20009 |     702 |   3.4 |      63 |       2 |   3.1
       D:15 |   11081 |    2791 |  20.1 |      36 |       3 |   7.7
     Lair:1 |    5298 |       0 |   0.0 |      22 |       0 |   0.0
     Lair:2 |    4637 |     569 |  10.9 |      24 |       8 |  25.0
     Lair:3 |    3093 |     899 |  22.5 |      16 |       5 |  23.8
     Lair:4 |    2488 |     814 |  24.7 |      10 |       1 |   9.1
     Lair:5 |    6326 |    3997 |  38.7 |      27 |      34 |  55.7
     Lair:6 |   15331 |   13186 |  46.2 |      38 |      65 |  63.1
      Orc:1 |    3792 |       0 |   0.0 |      45 |       0 |   0.0
      Orc:2 |    2999 |   21930 |  88.0 |      47 |      46 |  49.5
      Elf:1 |   10522 |    6380 |  37.7 |      19 |       9 |  32.1
      Elf:2 |   15718 |   24788 |  61.2 |      26 |      31 |  54.4
      Elf:3 |    5593 |   18037 |  76.3 |      10 |      12 |  54.5
    Abyss:2 |   19577 |       0 |   0.0 |      58 |       0 |   0.0
      Sewer |       0 |     122 | 100.0 |       0 |       9 | 100.0
     Bailey |       0 |    1539 | 100.0 |       0 |      12 | 100.0
      IceCv |       0 |   13301 | 100.0 |       0 |      52 | 100.0
   Gauntlet |       0 |    4619 | 100.0 |       0 |      12 | 100.0
            +---------+---------+-------+---------+---------+-------
